PAAA
ROYSE CITY TARGARYENS @ FLORIDA MEN
09/17/2023
 
TOP OF THE 1ST
Royse City Targaryens batting - Pitching for Florida Men : RHP Jorge Silva
Pitching: RHP Jorge Silva
Batting: LHB Eduardo Álvarez 0-0: Foul Ball, location: 2F
0-1: Ball
1-1: Ball
2-1: DOUBLE (Groundball, 3L)
Batting: LHB Carlos Álvarez 0-0: Fly out, F8 (Line Drive, 8RM)
Batting: RHB Javier Chávez 0-0: Ball
1-0: Called Strike
1-1: SINGLE (Groundball, 4D)
Eduardo Álvarez to third
Runner from 3rd tries for Home, SAFE, no throw or cutoff
Batting: RHB Héctor Ruíz 0-0: Ball
1-0: Ball
2-0: Called Strike
2-1: Foul Ball, location: 2F
2-2: Foul Ball, location: 2F
2-2: Ground out 5-3 (Groundball, 5S)
Javier Chávez to second
Batting: LHB José Tamayo 0-0: Swinging Strike
0-1: SINGLE (Line Drive, 4D)
Javier Chávez to third
Runner from 3rd tries for Home, SAFE, no throw or cutoff
Batting: LHB Jerry Wilson 0-0: Ball
1-0: Called Strike
1-1: Ball
2-1: SINGLE (Groundball, 34D)
José Tamayo to second
Runner from 2nd tries for 3rd, SAFE, no throw or cutoff
Batting: LHB Carl Duncan 0-0: Swinging Strike
0-1: Ball
1-1: Swinging Strike
1-2: Ball
2-2: Strikes out swinging
Top of the 1st over - 2 run(s), 4 hit(s), 0 error(s), 2 left on base; Royse City 2 - Florida 0
BOTTOM OF THE 1ST
Florida Men batting - Pitching for Royse City Targaryens : LHP Armando Gonzáles
Pitching: LHP Armando Gonzáles
Batting: RHB Gilberto Patino 0-0: Ball
1-0: Ball
2-0: Called Strike
2-1: Called Strike
2-2: Ground out 6-3 (Groundball, 6)
Batting: RHB Greg Robinson 0-0: Ball
1-0: Ball
2-0: SINGLE (Groundball, 56D)
Batting: RHB Jim Unknown 0-0: SINGLE (Line Drive, 9S)
Greg Robinson to second
Batting: LHB Bastyăo Lizardo 0-0: Called Strike
0-1: Called Strike
0-2: Strikes out looking
Batting: RHB Pat Ings 0-0: Swinging Strike
0-1: Called Strike
0-2: Strikes out swinging
Bottom of the 1st over - 0 run(s), 2 hit(s), 0 error(s), 2 left on base; Royse City 2 - Florida 0
TOP OF THE 2ND
Royse City Targaryens batting - Pitching for Florida Men : RHP Jorge Silva
Batting: RHB Sancho Balderas 0-0: Ball
1-0: Foul Ball, location: 2F
1-1: Fly out, F8 (Flyball, 8LM)
Batting: LHB Jorge Garza 0-0: Ball
1-0: Ball
2-0: Ball
3-0: Base on Balls
Batting: LHB Eduardo Álvarez 0-0: SINGLE (Line Drive, 34D)
Jorge Garza to second
Batting: LHB Carlos Álvarez 0-0: Fly out, F6 (Popup, 56D)
Batting: RHB Javier Chávez 0-0: Ground out 4-3 (Groundball, 4)
Top of the 2nd over - 0 run(s), 1 hit(s), 0 error(s), 2 left on base; Royse City 2 - Florida 0
BOTTOM OF THE 2ND
Florida Men batting - Pitching for Royse City Targaryens : LHP Armando Gonzáles
Batting: SHB Luis Gutiérrez 0-0: Ball
1-0: Ground out 4-3 (Groundball, 6M)
Batting: RHB Frank Collins 0-0: Ball
1-0: Ground out 6-3 (Groundball, 6)
Batting: RHB Jim Unknown 0-0: Ball
1-0: Called Strike
1-1: Swinging Strike
1-2: Foul Ball, location: 2F
1-2: Strikes out swinging
Bottom of the 2nd over - 0 run(s), 0 hit(s), 0 error(s), 0 left on base; Royse City 2 - Florida 0
TOP OF THE 3RD
Royse City Targaryens batting - Pitching for Florida Men : RHP Jorge Silva
Batting: RHB Héctor Ruíz 0-0: Swinging Strike
0-1: Called Strike
0-2: Strikes out swinging
Batting: LHB José Tamayo 0-0: SOLO HOME RUN (Line Drive, 9D), Distance : 373 ft
Batting: LHB Jerry Wilson 0-0: Ball
1-0: Called Strike
1-1: Ball
2-1: DOUBLE (Line Drive, 9LM)
Batting: LHB Carl Duncan 0-0: Swinging Strike
0-1: Foul Ball, location: 2F
0-2: SINGLE (Flyball, 78S)
Jerry Wilson to third
Runner from 3rd tries for Home, throw and OUT!
Batting: RHB Sancho Balderas 0-0: Foul Ball, location: 2F
0-1: Ball
1-1: Foul Ball, location: 2F
1-2: Foul Ball, location: 2F
1-2: Strikes out swinging
Top of the 3rd over - 1 run(s), 3 hit(s), 0 error(s), 1 left on base; Royse City 3 - Florida 0
BOTTOM OF THE 3RD
Florida Men batting - Pitching for Royse City Targaryens : LHP Armando Gonzáles
Batting: RHB Jim Unknown 0-0: Called Strike
0-1: Ball
1-1: Foul Ball, location: 2F
1-2: SINGLE (Groundball, 34S)
Batting: RHB Gilberto Patino 0-0: Called Strike
0-1: Swinging Strike
0-2: Ball
1-2: Strikes out swinging
Batting: RHB Greg Robinson 0-0: Ball
1-0: Foul Ball, location: 2F
1-1: Swinging Strike
1-2: Ball
2-2: Ball
3-2: Base on Balls
Jim Unknown to second
Batting: RHB Jim Unknown 0-0: Ball
1-0: Fly out, F4 (Popup, 4D)
Batting: LHB Bastyăo Lizardo 0-0: Ball
1-0: Ball
2-0: DOUBLE (Line Drive, 78XD)
Jim Unknown scores
Greg Robinson to third
Batting: RHB Pat Ings 0-0: Ball
1-0: Foul Ball, location: 2F
1-1: Foul Ball, location: 2F
1-2: Fly out, F9 (Flyball, 89XD)
Bottom of the 3rd over - 1 run(s), 2 hit(s), 0 error(s), 2 left on base; Royse City 3 - Florida 1
TOP OF THE 4TH
Royse City Targaryens batting - Pitching for Florida Men : RHP Jorge Silva
Batting: LHB Jorge Garza 0-0: Foul Ball, location: 2F
0-1: Ball
1-1: Foul Ball, location: 2F
1-2: Ground out 4-3 (Groundball, 4MD)
Batting: LHB Eduardo Álvarez 0-0: Called Strike
0-1: Swinging Strike
0-2: Ball
1-2: Strikes out swinging
Batting: LHB Carlos Álvarez 0-0: Foul Ball, location: 2F
0-1: Foul Ball, location: 2F
0-2: SINGLE (Groundball, 4MD)
Batting: RHB Javier Chávez 0-0: Ball
1-0: Ball
2-0: Foul Ball, location: 2F
2-1: Called Strike
2-2: Foul Ball, location: 2F
2-2: Ball
3-2: Foul Ball, location: 2F
3-2: Foul Ball, location: 2F
3-2: SINGLE (Line Drive, 6MD)
Carlos Álvarez to second
Carlos Álvarez to third
Pitching: RHP Floyd Cotton
Batting: RHB Héctor Ruíz 0-0: Ball
1-0: Swinging Strike
1-1: SINGLE (Groundball, 56D)
Carlos Álvarez scores
Javier Chávez to second
Batting: LHB José Tamayo 0-0: Called Strike
0-1: Ball
1-1: Called Strike
1-2: Fielders Choice at 2nd, U4 (Groundball, 4M)
Top of the 4th over - 1 run(s), 3 hit(s), 0 error(s), 2 left on base; Royse City 4 - Florida 1
BOTTOM OF THE 4TH
Florida Men batting - Pitching for Royse City Targaryens : LHP Armando Gonzáles
Batting: SHB Luis Gutiérrez 0-0: Fly out, F4 (Popup, 4)
Batting: RHB Frank Collins 0-0: Ball
1-0: Ball
2-0: Called Strike
2-1: Called Strike
2-2: SINGLE (Line Drive, 56)
Batting: RHB Jim Unknown 0-0: Called Strike
0-1: Foul Ball, location: 2F
0-2: Grounds into double play, 6-4-3 (Groundball, 6)
Bottom of the 4th over - 0 run(s), 1 hit(s), 0 error(s), 0 left on base; Royse City 4 - Florida 1
TOP OF THE 5TH
Royse City Targaryens batting - Pitching for Florida Men : RHP Floyd Cotton
Batting: LHB Jerry Wilson 0-0: Called Strike
0-1: Ball
1-1: Foul Ball, location: 2F
1-2: Strikes out swinging
Batting: LHB Carl Duncan 0-0: Ball
1-0: Ball
2-0: TRIPLE (Line Drive, 89M)
Batting: RHB Sancho Balderas 0-0: Called Strike
0-1: Ball
1-1: Ball
2-1: Ball
3-1: SINGLE (Line Drive, 8RS)
Carl Duncan scores
Batting: LHB Jorge Garza 0-0: Ball
1-0: Swinging Strike
1-1: Ball
2-1: Ball
3-1: Base on Balls
Sancho Balderas to second
Batting: LHB Eduardo Álvarez 0-0: Ball
1-0: Ball
2-0: SINGLE (Groundball, 34)
Sancho Balderas to third
Jorge Garza to second
Runner from 3rd tries for Home, SAFE, no throw or cutoff
Batting: LHB Carlos Álvarez 0-0: Grounds out, U3 (Groundball, 3L)
Jorge Garza to third
Batting: RHB Javier Chávez 0-0: Called Strike
0-1: Swinging Strike
0-2: Strikes out swinging
Top of the 5th over - 2 run(s), 3 hit(s), 0 error(s), 2 left on base; Royse City 6 - Florida 1
BOTTOM OF THE 5TH
Florida Men batting - Pitching for Royse City Targaryens : LHP Armando Gonzáles
Batting: RHB Jim Unknown 0-0: Called Strike
0-1: Ground out 6-3 (Groundball, 6)
Batting: RHB Gilberto Patino 0-0: Called Strike
0-1: Foul Ball, location: 2F
0-2: Ball
1-2: Foul Ball, location: 2F
1-2: Foul Ball, location: 2F
1-2: Ball
2-2: Foul Ball, location: 2F
2-2: Ball
3-2: Base on Balls
Batting: RHB Greg Robinson Pickoff Throw to First - Out!
0-0: Called Strike
0-1: Ball
1-1: Called Strike
1-2: Foul Ball, location: 2F
1-2: Ground out 6-3 (Groundball, 6M)
Bottom of the 5th over - 0 run(s), 0 hit(s), 0 error(s), 0 left on base; Royse City 6 - Florida 1
TOP OF THE 6TH
Royse City Targaryens batting - Pitching for Florida Men : RHP Floyd Cotton
Batting: RHB Héctor Ruíz 0-0: Ball
1-0: Foul Ball, location: 2F
1-1: Ball
2-1: Foul Ball, location: 2F
2-2: Foul Ball, location: 2F
2-2: Foul Ball, location: 2F
2-2: Ball
3-2: Ground out 4-3 (Groundball, 4)
Batting: LHB José Tamayo 0-0: Ball
1-0: Called Strike
1-1: Ball
2-1: Foul Ball, location: 2F
2-2: Strikes out swinging
Batting: LHB Jerry Wilson 0-0: Called Strike
0-1: Foul Ball, location: 2F
0-2: Ball
1-2: SINGLE (Groundball, 4MD)
Batting: LHB Carl Duncan 0-0: Swinging Strike
0-1: Ball
1-1: Ball
2-1: Called Strike
2-2: Fielders Choice at 2nd, U4 (Groundball, 4M)
Top of the 6th over - 0 run(s), 1 hit(s), 0 error(s), 1 left on base; Royse City 6 - Florida 1
BOTTOM OF THE 6TH
Florida Men batting - Pitching for Royse City Targaryens : LHP Armando Gonzáles
Batting: RHB Jim Unknown 0-0: Called Strike
0-1: Ball
1-1: DOUBLE (Line Drive, 5L)
Batting: LHB Bastyăo Lizardo 0-0: Ball
1-0: Ball
2-0: SINGLE (Line Drive, 56D)
Jim Unknown to third
Batting: RHB Pat Ings 0-0: Swinging Strike
0-1: Ball
1-1: SINGLE (Line Drive, 8LS)
Jim Unknown scores
Bastyăo Lizardo to second
Batting: SHB Luis Gutiérrez 0-0: Called Strike
0-1: Ball
1-1: Bunted foul
1-2: Strikes out looking
Batting: RHB Frank Collins 0-0: Ball
1-0: Ball
2-0: Foul Ball, location: 2F
2-1: Ball
3-1: Foul Ball, location: 2F
3-2: Base on Balls
Bastyăo Lizardo to third
Pat Ings to second
Batting: RHB Jim Unknown 0-0: Ball
1-0: Swinging Strike
1-1: Ball
2-1: Ball
3-1: Base on Balls
Bastyăo Lizardo scores
Pat Ings to third
Frank Collins to second
Pitching: RHP Guillermo Pérez
Batting: RHB Jim Unknown 0-0: SINGLE (Flyball, 78S)
Pat Ings scores
Frank Collins to third
Jim Unknown to second
Batting: RHB Gilberto Patino 0-0: SINGLE (Groundball, 4MD)
Frank Collins scores
Jim Unknown to third
Jim Unknown to second
Batting: RHB Greg Robinson 0-0: Foul Ball, location: 2F
0-1: Called Strike
0-2: Fly out, F7 (Flyball, 78D)
Runner from 3rd tags up, SCORES, no throw
Batting: RHB Jim Unknown 0-0: Ball
1-0: Ball
2-0: Called Strike
2-1: Foul Ball, location: 2F
2-2: Ball
3-2: Foul Ball, location: 2F
3-2: Foul Ball, location: 2F
3-2: Ground out 6-3 (Groundball, 6M)
Bottom of the 6th over - 5 run(s), 5 hit(s), 0 error(s), 2 left on base; Royse City 6 - Florida 6
TOP OF THE 7TH
Royse City Targaryens batting - Pitching for Florida Men : RHP Floyd Cotton
Batting: RHB Sancho Balderas 0-0: Foul Ball, location: 2F
0-1: Ball
1-1: Swinging Strike
1-2: Foul Ball, location: 2F
1-2: SINGLE (Flyball, 78M)
Batting: LHB Jorge Garza 0-0: Ball
Sancho Balderas steals 2nd base
1-0: Ball
2-0: Called Strike
2-1: Swinging Strike
2-2: Strikes out swinging
Batting: LHB Eduardo Álvarez 0-0: Ball
1-0: Foul Ball, location: 2F
1-1: Ball
2-1: Called Strike
2-2: Strikes out swinging
Batting: LHB Carlos Álvarez 0-0: Ball
Wild Pitch!
Sancho Balderas to third
1-0: Called Strike
1-1: Ball
2-1: Foul Ball, location: 2F
2-2: Strikes out swinging
Top of the 7th over - 0 run(s), 1 hit(s), 0 error(s), 1 left on base; Royse City 6 - Florida 6
BOTTOM OF THE 7TH
Florida Men batting - Pitching for Royse City Targaryens : RHP Guillermo Pérez
Batting: LHB Bastyăo Lizardo 0-0: Fly out, F7 (Flyball, 7S)
Batting: RHB Pat Ings 0-0: Foul Ball, location: 2F
0-1: SOLO HOME RUN (Flyball, 7D), Distance : 392 ft
Batting: SHB Luis Gutiérrez 0-0: Called Strike
0-1: Swinging Strike
0-2: Strikes out swinging
Batting: RHB Frank Collins 0-0: Called Strike
0-1: SINGLE (Groundball, 4MD) (infield hit)
Batting: RHB Jim Unknown 0-0: Called Strike
0-1: Ball
1-1: Called Strike
1-2: Foul Ball, location: 2F
1-2: Foul Ball, location: 2F
1-2: Ball
2-2: Strikes out looking
Bottom of the 7th over - 1 run(s), 2 hit(s), 0 error(s), 1 left on base; Royse City 6 - Florida 7
TOP OF THE 8TH
Royse City Targaryens batting - Pitching for Florida Men : RHP Floyd Cotton
Pitching: LHP Jim Unknown
Batting: RHB Javier Chávez 0-0: Called Strike
0-1: Ball
1-1: Foul Ball, location: 2F
1-2: Foul Ball, location: 2F
1-2: Ball
2-2: Foul Ball, location: 2F
2-2: Strikes out swinging
Batting: RHB Héctor Ruíz 0-0: Foul Ball, location: 2F
0-1: Ground out U3 (Groundball, 3)
Batting: LHB José Tamayo 0-0: Foul Ball, location: 2F
0-1: Swinging Strike
0-2: Strikes out swinging
Top of the 8th over - 0 run(s), 0 hit(s), 0 error(s), 0 left on base; Royse City 6 - Florida 7
BOTTOM OF THE 8TH
Florida Men batting - Pitching for Royse City Targaryens : RHP Guillermo Pérez
Batting: RHB Jim Unknown 0-0: Foul Ball, location: 2F
0-1: Ball
1-1: Called Strike
1-2: Fly out, F7 (Flyball, 78D)
Batting: RHB Gilberto Patino 0-0: Foul Ball, location: 2F
0-1: Called Strike
0-2: Strikes out swinging
Batting: RHB Greg Robinson 0-0: Fly out, F9 (Flyball, 9M)
Bottom of the 8th over - 0 run(s), 0 hit(s), 0 error(s), 0 left on base; Royse City 6 - Florida 7
TOP OF THE 9TH
Royse City Targaryens batting - Pitching for Florida Men : LHP Jim Unknown
Pitching: RHP Jim Unknown
Batting: LHB Jerry Wilson 0-0: Ball
1-0: Called Strike
1-1: Called Strike
1-2: Foul Ball, location: 2F
1-2: Foul Ball, location: 2F
1-2: Foul Ball, location: 2F
1-2: Ground out 4-3 (Groundball, 4)
Batting: LHB Carl Duncan 0-0: Called Strike
0-1: Ball
1-1: Ball
2-1: Fly out, F4 (Line Drive, 34)
Batting: RHB Sancho Balderas 0-0: Ball
1-0: Called Strike
1-1: Foul Ball, location: 2F
1-2: Strikes out swinging
Top of the 9th over - 0 run(s), 0 hit(s), 0 error(s), 0 left on base; Royse City 6 - Florida 7
This league is powered by Out of the Park Baseball, the baseball management simulation game for PC, Mac and Linux
Friday, July 8th, 2016 - OOTP Baseball 16.9 Build 39